 Dungeon Crawl Stone Soup version 0.30.1-3-gfc49f6343a (webtiles) character file.

Game seed: 14644695457742848395

3153 boopmooplesden the Cruncher (level 9, -3/68 HPs)
             Began as a Demonspawn Gladiator on July 28, 2023.
             Was a Follower of Okawaru.
             Slain by Menkaure (16 damage)
             ... on level 7 of the Dungeon.
             The game lasted 00:09:53 (5598 turns).

boopmooplesden the Cruncher (Demonspawn Gladiator)  Turns: 5598, Time: 00:09:54

Health: -3/68      AC: 19    Str: 18    XL:     9   Next: 62%
Magic:  9/9        EV:  7    Int: 10    God:    Okawaru [*.....]
Gold:   333        SH:  0    Dex: 15    Spells: 8/8 levels left

rFire   x . .        a - +0 quarterstaff
rCold   + . .        (shield currently unavailable)
rNeg    . . .        i - +1 plate armour
rPois   +            c - +0 helmet
rElec   .            (no cloak)
rCorr   .            (no gloves)
SInv    .            (no boots)
Will    .....        (no amulet) Stlth
                     f - ring of ice
HPRegen 0.31/turn    (no ring)
MPRegen 0.11/turn

%: no passive effects
@: no status effects
A: hooves 2, slimy green scales 3, (demonic guardian 1)
a: Renounce Religion, Heroism


You were on level 7 of the Dungeon.
You worshipped Okawaru.
Okawaru was aware of your devotion.
You visited 2 branches of the dungeon, and saw 8 of its levels.

You collected 333 gold pieces.

Inventory:

Hand Weapons
 a - a +0 quarterstaff (weapon)
Missiles
 j - 10 boomerangs (quivered)
Armour
 b - a +0 leather armour
 c - a +0 helmet (worn)
 e - +0 fire dragon scales
 h - a +0 scale mail
 i - a +1 plate armour (worn)
Jewellery
 f - a ring of ice (left hand)
Wands
 l - a wand of flame (26)
 q - a wand of roots (7)
 u - a wand of mindburst (12)
Scrolls
 g - 2 scrolls of identify
 o - a scroll of fog
Potions
 d - a potion of attraction
 m - 2 potions of curing
 n - a potion of degeneration {unknown}
 p - 4 potions of resistance
 r - a potion of invisibility
 s - 2 potions of mutation
 t - a potion of flight


   Skills:
 + Level 5.5 Fighting
 + Level 8.6 Staves
 + Level 2.7 Throwing
 + Level 6.5 Armour
 + Level 4.3 Dodging
 + Level 1.1 Stealth
 + Level 1.2 Evocations


You had 8 spell levels left.
You didn't know any spells.
Your spell library contained the following spells:

 Spells                   Type           Power      Damage    Failure   Level
 Magic Dart               Conj           0%         1d3       100%        1
 Shock                    Conj/Air       0%         1d3       100%        1
 Slow                     Hex            0%         N/A       100%        1
 Searing Ray              Conj           0%         2d4       100%        2
 Confusing Touch          Hex            0%         N/A       100%        3
 Dazzling Flash           Conj/Hex       0%         N/A       100%        3
 Portal Projectile        Hex/Tloc       0%         N/A       100%        3
 Swiftness                Air            0%         N/A       100%        3
 Vampiric Draining        Necr           0%         2d6       100%        3
 Airstrike                Air            0%         2d(0-16)  100%        4
 Fulminant Prism          Conj/Hex       0%         3d5       100%        4
 Leda's Liquefaction      Hex/Erth       0%         N/A       100%        4
 Agony                    Necr           0%         N/A       100%        5
 Silence                  Hex/Air        0%         N/A       100%        5
 Call Canine Familiar     Summ           Unusable   N/A       N/A         3

Dungeon Overview and Level Annotations

Branches:
Dungeon (7/15)             Temple (1/1) D:6

Altars:
Ashenzari
Dithmenos
Fedhas
Hepliaklqana
Kikubaaqudgha
Makhleb
Okawaru
Qazlal
Trog
Uskayaw
Vehumet
Wu Jian
Xom
Yredelemnul

Shops:
D:1 !?

Annotations:
D:7 Menkaure


Innate Abilities, Weirdness & Mutations

You have hoof-like feet.
You are completely covered in slimy green scales. (AC +4, rPois)
((A weak demonic guardian rushes to your aid.))


Message History

You hit the hound.
The hound is severely wounded.
The hound bites you but does no damage.
You barely miss the hound. Your kick misses the hound.
The hound is severely wounded.
You sock the hound!
You kill the hound!
Okawaru accepts your kill.
You completely miss the jelly. You kick the jelly.
The jelly is severely wounded.
The jelly hits you but does no damage.
You hit the jelly.
Your hands burn!
* * * LOW HITPOINT WARNING * * *
You kick the jelly.
You kill the jelly!
Okawaru accepts your kill.
You feel better.
You barely miss the ice beast. Your kick misses the ice beast.
The ice beast is severely wounded.
You feel yourself slow down.
The ice beast hits you but does no damage.
You closely miss the ice beast. Your kick misses the ice beast.
The ice beast is severely wounded.
You hit the ice beast. You kick the ice beast.
The ice beast is almost dead.
The ice beast hits you but does no damage.
You hit the ice beast but do no damage.
The ice beast is almost dead.
The ice beast hits you but does no damage.
You hit the ice beast.
You kill the ice beast!
Okawaru accepts your kill.
You sock Menkaure! Your kick misses Menkaure.
Menkaure is heavily damaged.
Menkaure hits you!
* * * LOW HITPOINT WARNING * * *
You hit Menkaure but do no damage.
Menkaure is heavily damaged.
Menkaure hits you!
You die...

.........#
......○§§#######
##.....☼○#§○...#
#.......§°°...#
.........°.§...#
...###...#.y...#
### #...##○####
#..####M# #..
#@# ..# ### #..


You could see Menkaure (fast) and a killer bee.

Vanquished Creatures
  Pikel (D:5)
  Prince Ribbit (D:6)
  Sigmund (D:5)
  A steam dragon (D:6)
  Edmund (D:4)
  2 water moccasins
  A black bear (D:6)
  2 ice beasts
  An ogre (D:4)
  2 phantoms (D:4)
  2 lemures (D:5)
  A bullfrog (D:7)
  Blork the orc (D:5)
  2 scorpions
  5 wights (D:6)
  4 killer bees (D:7)
  2 howler monkeys (D:7)
  8 hounds
  2 orc priests
  3 jellies
  A gnoll bouda (D:6)
  A sleepcap (D:5)
  2 orc wizards
  Natasha (thrice) (D:2)
  7 gnolls (D:6)
  4 adders
  2 white imps
  An ufetubus (D:7)
  A worm (D:2)
  3 dart slugs
  12 orcs
  4 bats
  9 endoplasms
  3 giant cockroaches
  8 goblins
  8 hobgoblins
  6 jackals
  7 kobolds
  6 quokkas
  7 ball pythons
  6 rats
144 creatures vanquished.

Vanquished Creatures (collateral kills)
  A ball python (D:2)
1 creature vanquished.

Grand Total: 145 creatures vanquished

Notes
Turn   | Place    | Note
-------+----------+-------------------------------------------
     0 | D:1      | boopmooplesden the Demonspawn Gladiator began the quest for
                  | the Orb.
     0 | D:1      | Reached XP level 1. HP: 16/16 MP: 1/1
   141 | D:1      | Gained mutation: You have large cloven feet. [demonic
                  | ancestry]
   141 | D:1      | Reached XP level 2. HP: 18/22 MP: 2/2
   209 | D:1      | Reached skill level 3 in Staves
   278 | D:1      | Found Naaczed's Distillery.
   425 | D:1      | Found Lyfyh's Magic Scroll Shoppe.
   589 | D:1      | Gained mutation: You are partially covered in slimy green
                  | scales. (AC +2) [demonic ancestry]
   589 | D:1      | Reached XP level 3. HP: 27/27 MP: 3/3
   744 | D:2      | Found a faded altar of an unknown god.
   877 | D:2      | Noticed Natasha
   889 | D:2      | Killed Natasha
   890 | D:2      | Gained mutation: A weak demonic guardian rushes to your
                  | aid. [demonic ancestry]
   890 | D:2      | Reached XP level 4. HP: 26/33 MP: 4/4
   897 | D:2      | Noticed Natasha
   914 | D:2      | Killed Natasha
  1074 | D:2      | Noticed Natasha
  1082 | D:2      | Killed Natasha
  1083 | D:2      | Reached skill level 1 in Armour
  1182 | D:2      | Gained mutation: You are mostly covered in slimy green
                  | scales. (AC +3) [demonic ancestry]
  1182 | D:2      | Reached XP level 5. HP: 37/39 MP: 5/5
  1234 | D:2      | Found an ancient bone altar of Kikubaaqudgha.
  1811 | D:3      | Found an ornate altar of the Wu Jian Council.
  1931 | D:3      | Found a stormy altar of Qazlal.
  1982 | D:3      | Noticed an angel
  2012 | D:3      | Found a basalt altar of Yredelemnul.
  2020 | D:3      | Noticed an angel
  2293 | D:4      | Reached skill level 4 in Staves
  2382 | D:4      | Noticed a phantom
  2396 | D:4      | Killed a phantom
  2397 | D:4      | Gained mutation: You are completely covered in slimy green
                  | scales. (AC +4, rPois) [demonic ancestry]
  2397 | D:4      | Reached XP level 6. HP: 44/46 MP: 6/6
  2424 | D:4      | Found a blossoming altar of Fedhas.
  2539 | D:4      | Found a broken altar of Ashenzari.
  2651 | D:4      | Found a bloodstained altar of Trog.
  2658 | D:4      | Noticed Edmund
  2682 | D:4      | Killed Edmund
  2683 | D:4      | Reached skill level 5 in Staves
  2683 | D:4      | Reached XP level 7. HP: 27/52 MP: 7/7
  3075 | D:5      | Entered Level 5 of the Dungeon
  3075 | D:5      | Noticed Blork the orc
  3289 | D:5      | Killed Blork the orc
  3417 | D:5      | Found a hazy altar of Hepliaklqana.
  3454 | D:5      | Noticed Pikel
  3670 | D:5      | Reached skill level 1 in Stealth
  3844 | D:5      | Killed Pikel
  3845 | D:5      | Reached skill level 6 in Staves
  3845 | D:5      | Gained mutation: You have hoof-like feet. [demonic
                  | ancestry]
  3845 | D:5      | Reached XP level 8. HP: 33/60 MP: 8/8
  3939 | D:5      | Found a radiant altar of Vehumet.
  3957 | D:5      | Reached skill level 7 in Staves
  3976 | D:5      | Noticed Sigmund
  3994 | D:5      | Killed Sigmund
  3995 | D:5      | Reached skill level 5 in Armour
  4340 | D:6      | Noticed Prince Ribbit
  4354 | D:6      | Killed Prince Ribbit
  4355 | D:6      | Reached skill level 8 in Staves
  4355 | D:6      | Reached XP level 9. HP: 42/66 MP: 9/9
  4422 | D:6      | Reached skill level 5 in Fighting
  4549 | D:6      | Found a staircase to the Ecumenical Temple.
  4564 | Temple   | Entered the Ecumenical Temple
  4630 | Temple   | Became a worshipper of Warmaster Okawaru
  4832 | D:6      | Reached skill level 1 in Evocations
  5573 | D:7      | Noticed Menkaure
  5582 | D:7      | Reached * piety under Okawaru
  5598 | D:7      | Slain by Menkaure

Illustrated notes

Levels and vault maps discovered:
D:1:      scummos_arrival_simple_fountains, layout_loops_cross, serial_shops,
          shop, nicolae_shop_getting_attention
D:2:      layout_loops_ring, shapermc_ecumenical_altar_pompeii, basic_altar,
          fountainhead, uniq_natasha
D:3:      cheibrodos_old_hovel, layout_basic, grunt_temple_overflow_holy_war,
          mainiacjoe_overflow_24_doors, zin_angel, lemuel_doored_altar
D:4:      layout_rooms, lemuel_round_altar, mainiacjoe_overflow_catwalk,
          mainiacjoe_overflow_surrounded_room,
          minmay_fractal_squares_diagonal_5, uniq_edmund
D:5:      layout_cave_pools, nicolae_overflow_hidden_temple,
          nicolae_vehumet_radiance, uniq_blork_the_orc, uniq_pikel, uniq_sigmund
D:6:      layout_loops_cross, minmay_temple_entry_arrows, serial_aquarium,
          aquarium_bridge_long_joined [aquarium_subvault_bridge,
          aquarium_subvault_bridge, aquarium_subvault_wall,
          aquarium_subvault_bridge, aquarium_subvault_bridge,
          aquarium_subvault_wall], aquarium_window_fake, aquarium_window_fake,
          aquarium_window_2, aquarium_window_1, aquarium_view_2d,
          aquarium_view_2b, uniq_prince_ribbit1
D:7:      layout_layer_cave, mainiacjoe_overflow_six_doors_small, uniq_menkaure
Temple:   nicolae_temple_great_sept

Skill      XL: |  1  2  3  4  5  6  7  8  9 |
---------------+----------------------------+-----
Dodging        | 3 4 |  4.3
Staves         | 3 4 5 6 8 |  8.6
Armour         | 1 2 4 5 6 |  6.5
Throwing       | 2 |  2.7
Fighting       | 3 4 5 |  5.5
Stealth        | 1 |  1.1
Evocations     | 1 |  1.2

Action                     |  1- 3 |  4- 6 |  7- 9 || total
---------------------------+-------+-------+-------++-------
  Melee: Quarterstaff      |    88 |   167 |   297 ||   552
         Kick              |    11 |    40 |    98 ||   149
  Throw: Throwing net      |       |     3 |       ||     3
         Javelin           |       |     1 |       ||     1
         Boomerang         |       |       |     2 ||     2
  Evoke: Wand              |       |       |     2 ||     2
    Use: Scroll            |       |     6 |    11 ||    17
         Potion            |       |       |     7 ||     7
   Stab: Sleeping          |     1 |       |       ||     1
         Held in net/web   |       |     2 |       ||     2
         Distracted        |       |       |     1 ||     1
 Armour: Leather armour    |    32 |    29 |       ||    61
         Plate armour      |       |    57 |   232 ||   289
  Dodge: Dodged            |    82 |    64 |   117 ||   263
